 Dungeon Crawl Stone Soup version 0.26-a0-451-gacbe401039 (webtiles) character file.

Game seed: 8256221210741202099

321 ReteAZ the Thaumaturge (level 6, 0/47 HPs)
             Began as a Gnoll Wanderer on July 28, 2020.
             Was an Initiate of Okawaru.
             Slain by a phantom (8 damage)
             ... on level 4 of the Dungeon.
             The game lasted 00:03:57 (4502 turns).

ReteAZ the Thaumaturge (Gnoll Wanderer)             Turns: 4502, Time: 00:03:57

Health: 0/47       AC:  2    Str: 16    XL:     6   Next: 46%
Magic:  18/18      EV: 12    Int: 15    God:    Okawaru [......]
Gold:   209        SH:  0    Dex: 14    Spells: 24/24 levels left

rFire    . . .     SeeInvis .   r - +1 mace (vorpal)
rCold    . . .     Faith    .   (no shield)
rNeg     . . .     Spirit   .   d - +0 robe
rPois    .         Reflect  .   (no helmet)
rElec    .         Harm     .   (no cloak)
rCorr    .                      (no gloves)
MR       .....                  (no boots)
Stlth    ++........             (no amulet)
HPRegen  0.15/turn              (no ring)
MPRegen  0.16/turn              (no ring)

@: no status effects
A: distributed training, fangs 1, strong nose
a: Renounce Religion


You were on level 4 of the Dungeon.
You worshipped Okawaru.
Okawaru was noncommittal.
You visited 1 branch of the dungeon, and saw 4 of its levels.

You collected 209 gold pieces.

Inventory:

Hand Weapons
 a - a +2 mace
 r - a +1 vorpal mace (weapon)
Missiles
 p - 4 curare-tipped darts
 s - 5 boomerangs (quivered)
Armour
 d - a +0 robe (worn)
 z - a +0 ring mail
Jewellery
 h - an uncursed ring of ice
 i - an uncursed ring of positive energy {unknown}
 k - an uncursed amulet of the acrobat {unknown}
 q - an uncursed amulet of faith {unknown}
 v - a +6 ring of intelligence {unknown}
Wands
 x - a wand of acid (11)
Scrolls
 c - 4 scrolls of teleportation
 f - 2 scrolls of remove curse {unknown}
 g - 4 scrolls of identify {unknown}
 j - a scroll of enchant armour {unknown}
 n - a scroll of amnesia {unknown}
 y - a scroll of fear {unknown}
Potions
 b - a potion of stabbing {unknown}
 e - 3 potions of invisibility
 l - 2 potions of curing
 m - a potion of mutation {unknown}
 o - a potion of might {unknown}
 t - a potion of brilliance {unknown}
 u - a potion of haste {unknown}
 w - a potion of flight {unknown}


   Skills:
 + Level 3.2 Fighting
 + Level 2.0 Short Blades
 + Level 2.0 Long Blades
 + Level 2.0 Axes
 + Level 3.2 Maces & Flails
 + Level 2.0 Polearms
 + Level 2.0 Staves
 + Level 2.0 Slings
 + Level 2.0 Bows
 + Level 2.0 Crossbows
 + Level 2.0 Throwing
 + Level 3.2 Armour
 + Level 2.0 Dodging
 + Level 3.1 Stealth
 + Level 2.0 Shields
 + Level 2.0 Unarmed Combat
 + Level 9.5 Spellcasting
 + Level 1.5 Conjurations
 + Level 1.5 Hexes
 + Level 2.6 Summonings
 + Level 1.5 Necromancy
 + Level 1.5 Translocations
 + Level 1.5 Transmutations
 + Level 1.5 Fire Magic
 + Level 1.5 Ice Magic
 + Level 1.5 Air Magic
 + Level 1.5 Earth Magic
 + Level 1.5 Poison Magic
 + Level 2.2 Invocations
 + Level 3.2 Evocations


You had 24 spell levels left.
You didn't know any spells.
Your spell library contained the following spells:

 Spells                   Type           Power        Failure   Level
 Poisonous Vapours        Pois/Air       ##....       9%          2
 Swiftness                Air            ##......     9%          2


Dungeon Overview and Level Annotations

Branches:
Dungeon (4/15)
 Temple: D:4-7

Altars:
Dithmenos
Elyvilon
Okawaru
Qazlal
Ru
Uskayaw

Annotations:
D:3 3 runed translucent doors, Misa's ghost, novice GrFi


Innate Abilities, Weirdness & Mutations

Your experience applies equally to all skills.
You have very sharp teeth.
Your uncanny sense of smell can sniff out nearby items.


Message History

The phantom is heavily damaged.
Throwing (i - inventory. (/) - cycle)
s - 6 boomerangs (quivered)
Press: ? - help, Shift-Dir - straight line, f/p - phantom
Aim: a phantom (heavily damaged)
You throw a boomerang.
The boomerang closely misses the phantom.
Throwing (i - inventory. (/) - cycle)
s - 5 boomerangs (quivered)
Press: ? - help, Shift-Dir - straight line, f/p - phantom
Aim: a phantom (heavily damaged)
You throw a boomerang. The boomerang hits the phantom.
The phantom is severely damaged.
Throwing (i - inventory. (/) - cycle)
s - 5 boomerangs (quivered)
Press: ? - help, Shift-Dir - straight line, f/p - phantom
Aim: a phantom (severely damaged)
You throw a boomerang.
The boomerang closely misses the phantom.
You hit the phantom.
The phantom is severely damaged.
The phantom hits you!
You die...

.... ########.#####
∆.............# ∆
.............#
###.#.)...#.#
#.#.#.#.#.#.#
#.....#.#.#.#
#.#..W#W#.#.##
.Z........#@#.#..###
...o.##...#.#.#....#
...... ....+.#.#....+
.?....##...###.#....##
..... #.$.# #.....# #
#+#+# #...#
##....#.####
#...###+###........###
#.....(..##.#.....
#........##.#.....


You could see a phantom.

Vanquished Creatures
  An ogre (D:4)
  A howler monkey (D:4)
  An orc wizard (D:4)
  A worker ant (D:4)
  5 adders
  A white imp (D:4)
  3 worms
  4 dart slugs
  2 leopard geckos
  5 orcs
  4 giant cockroaches
  7 hobgoblins
  8 kobolds
  A quokka (D:3)
  A ball python (D:1)
  9 bats
  3 frilled lizards (D:1)
  10 goblins
  A jackal skeleton (D:4)
  8 rats
76 creatures vanquished.

Notes
Turn   | Place    | Note
-------+----------+-------------------------------------------
     0 | D:1      | Reached skill level 9 in Spellcasting
     0 | D:1      | ReteAZ the Gnoll Wanderer began the quest for the Orb.
     0 | D:1      | ReteAZ set off with the following items: a +2 mace, a
                  | scroll of teleportation, a +0 robe; and the following
                  | spells available to memorise: Poisonous Vapours, Swiftness
     0 | D:1      | Reached XP level 1. HP: 17/17 MP: 10/10
    87 | D:1      | Reached XP level 2. HP: 18/23 MP: 12/12
   619 | D:1      | Reached XP level 3. HP: 24/28 MP: 13/13
  1268 | D:2      | Reached skill level 1 in Invocations
  1651 | D:2      | Reached skill level 1 in Short Blades
  1651 | D:2      | Reached skill level 1 in Long Blades
  1651 | D:2      | Reached skill level 1 in Axes
  1651 | D:2      | Reached skill level 1 in Polearms
  1651 | D:2      | Reached skill level 1 in Staves
  1651 | D:2      | Reached skill level 1 in Slings
  1651 | D:2      | Reached skill level 1 in Bows
  1651 | D:2      | Reached skill level 1 in Crossbows
  1651 | D:2      | Reached skill level 1 in Throwing
  1651 | D:2      | Reached skill level 1 in Dodging
  1651 | D:2      | Reached skill level 1 in Shields
  1651 | D:2      | Reached skill level 1 in Unarmed Combat
  1657 | D:2      | Found an iron altar of Okawaru.
  1663 | D:2      | Reached XP level 4. HP: 27/34 MP: 15/15
  2265 | D:2      | Became a worshipper of Warmaster Okawaru
  2357 | D:2      | Reached skill level 1 in Conjurations
  2357 | D:2      | Reached skill level 1 in Hexes
  2357 | D:2      | Reached skill level 1 in Necromancy
  2357 | D:2      | Reached skill level 1 in Translocations
  2357 | D:2      | Reached skill level 1 in Transmutations
  2357 | D:2      | Reached skill level 1 in Fire Magic
  2357 | D:2      | Reached skill level 1 in Ice Magic
  2357 | D:2      | Reached skill level 1 in Air Magic
  2357 | D:2      | Reached skill level 1 in Earth Magic
  2357 | D:2      | Reached skill level 1 in Poison Magic
  2398 | D:2      | Found a faded altar of an unknown god.
  2845 | D:3      | Found a runed translucent gate.
  2845 | D:3      | Found a runed translucent gate.
  2847 | D:3      | Found a runed translucent gate.
  2848 | D:3      | Noticed Misa's ghost (novice GrFi)
  2856 | D:3      | Noticed a two-headed ogre
  2975 | D:3      | Noticed a +0 dagger
  2975 | D:3      | Noticed a +0 dagger
  3009 | D:3      | Found a shadowy altar of Dithmenos.
  3072 | D:3      | Found a sacrificial altar of Ru.
  3322 | D:3      | Reached XP level 5. HP: 40/40 MP: 16/16
  3489 | D:3      | Found a hide-covered altar of Uskayaw.
  3785 | D:4      | Noticed an ogre
  3796 | D:4      | Killed an ogre
  3843 | D:4      | Found a stormy altar of Qazlal.
  3850 | D:4      | Found a white marble altar of Elyvilon.
  3863 | D:4      | Reached XP level 6. HP: 7/47 MP: 18/18
  4467 | D:4      | Noticed a phantom
  4502 | D:4      | Slain by a phantom

Illustrated notes

Levels and vault maps discovered:
D:1:      tarquinn_simple_flora_water_a, layout_loops_ring
D:2:      layout_loops_ring, nicolae_overflow_crystal_walls,
          chequers_ecumenical_altar_simple_redux
D:3:      layout_basic, grunt_dithmenos_smoke, dancing_weapons_uskayaw,
          hangedman_ru_absence, gammafunk_ghost_split
D:4:      layout_basic, nicolae_overflow_hidden_temple,
          amethyst_overflow_temple_binary

Skill      XL: |  1  2  3  4  5  6 |
---------------+-------------------+-----
Spellcasting   | |  9.5
Summonings     | 2 |  2.6
Invocations    | 1 2 |  2.2
Short Blades   | 1 2 |  2.0
Long Blades    | 1 2 |  2.0
Axes           | 1 2 |  2.0
Polearms       | 1 2 |  2.0
Staves         | 1 2 |  2.0
Slings         | 1 2 |  2.0
Bows           | 1 2 |  2.0
Crossbows      | 1 2 |  2.0
Throwing       | 1 2 |  2.0
Dodging        | 1 2 |  2.0
Shields        | 1 2 |  2.0
Unarmed Combat | 1 2 |  2.0
Conjurations   | 1 |  1.5
Hexes          | 1 |  1.5
Necromancy     | 1 |  1.5
Translocations | 1 |  1.5
Transmutations | 1 |  1.5
Fire Magic     | 1 |  1.5
Ice Magic      | 1 |  1.5
Air Magic      | 1 |  1.5
Earth Magic    | 1 |  1.5
Poison Magic   | 1 |  1.5
Fighting       | 3 |  3.2
Maces & Flails | 3 |  3.2
Armour         | 3 |  3.2
Evocations     | 3 |  3.2
Stealth        | 3 |  3.1

Action                   |  1- 3 |  4- 6 || total
-------------------------+-------+-------++-------
Melee: Mace              |    83 |   122 ||   205
       Bite              |     9 |    13 ||    22
       Punch             |       |     1 ||     1
Throw: Boomerang         |       |    12 ||    12
       Dart              |       |     2 ||     2
  Use: Potion            |       |     3 ||     3
 Stab: Sleeping          |     5 |     8 ||    13
       Invisible         |       |     1 ||     1
       Distracted        |       |     1 ||     1
Armor: Robe              |     7 |    16 ||    23
Dodge: Dodged            |    52 |    70 ||   122

Table legend: (Time is in decaauts)
 A = Elapsed time spent in this place.
 B = Non-inter-level travel time spent in this place.
 C = Inter-level travel time spent in this place.
 D = Time resting spent in this place.
 E = Time spent auto-exploring this place.
 F = Levels seen in this place.
 G = Mean time per level.
                   A        B        C        D        E       F      G
               +--------+--------+--------+--------+--------+-----+--------+
         Total |   4564 |   4482 |     82 |    646 |   3224 |   4 | 1141.0 |
       Dungeon |   4564 |   4482 |     82 |    646 |   3224 |   4 | 1141.0 |
               +--------+--------+--------+--------+--------+-----+--------+

Top non-repeatable levels by time:
     D:1: 1369 daAuts
     D:2: 1184 daAuts
     D:3: 1084 daAuts
     D:4: 925 daAuts
